 Dungeon Crawl Stone Soup version 0.15-a0-1119-g9b3a599 (webtiles) character file.

176846 Amnesiac the Unseen (level 18, -13/127 HPs)
             Began as a Halfling Enchanter on May 29, 2014.
             Was the Champion of Dithmenos.
             Mangled by a frost giant
             ... wielding a +0,+2 battleaxe of freezing
              (22 damage)
             ... while paralysed by a great orb of eyes
             ... on Level 1 of the Depths.
             The game lasted 03:51:33 (33809 turns).

Amnesiac the Unseen (Halfling Enchanter)           Turns: 33809, Time: 03:51:34

HP -13/127       AC 24     Str  5      XL: 18   Next: 47%
MP  24/29        EV  3     Int 23      God: Dithmenos [******]
Gold 734         SH  0     Dex 22      Spells:  9 memorised,  3 levels left

rFire  + . .     SeeInvis .     T - +1,+2 cutlass (elec)
rCold  + + .     Clarity  .     z - +2 robe {Archmagi}
rNeg   . . .     rCorr    .     W - +2 buckler
rPois  .         rRot     .     y - +2 helmet {Int+3}
rElec  .         Spirit   .     P - +2 cloak {+Inv}
SustAb .         Warding  .     t - +0 pair of gloves
rMut   .         Stasis   .     J - +2 pair of boots {Fly}
Gourm  .                        r - amulet "Frujy" {+Rage rC++ Acc-1}
MR     +....                    b - +5 ring of protection
                                H - ring of protection from fire

@: paralysed, flying, very slightly contaminated, wreathed by umbra, repel
missiles, somewhat resistant to hostile enchantments, extraordinarily stealthy
A: iridescent scales 1, slimy green scales 1, agile 1, deformed body, mutation
resistance 1, robust 1
a: Shadow Step, Shadow Form, Renounce Religion, Evoke Berserk Rage, Evoke
Invisibility, Stop Flying
}: 1/15 runes: abyssal


You were on level 1 of the Depths.
You worshipped Dithmenos.
Dithmenos was exalted by your worship.
You were very hungry.

You visited 5 branches of the dungeon, and saw 24 of its levels.
You visited the Abyss 3 times.
You also visited: Bailey.

You collected 2888 gold pieces.
You spent 2154 gold pieces at shops.

Inventory:

Hand weapons
 e - a +6 blowgun
 w - a +2,+0 dagger of electrocution
 B - a +0,+0 quick blade
 T - a +1,+2 cutlass of electrocution (weapon)
Missiles
 i - 3 throwing nets (quivered)
 S - 10 curare-tipped needles
Armour
 t - a +0 pair of gloves (worn)
 y - a +2 helmet of intelligence (worn)
 z - a +2 robe of the Archmagi (worn)
 J - a +2 pair of boots of flying (worn)
 P - a +2 cloak of darkness (worn)
 W - a +2 buckler (worn)
Magical devices
 I - a wand of disintegration (15)
 U - a wand of paralysis (7)
 X - a wand of digging (12)
 Z - a wand of hasting (5)
Comestibles
 c - 13 fruits
 f - 12 bread rations
 g - 3 royal jellies
 O - 3 meat rations
Scrolls
 d - a scroll of blinking
 h - 2 scrolls of vulnerability
 j - 5 scrolls of remove curse
 k - 10 scrolls of teleportation
 u - a scroll of magic mapping
 G - 5 scrolls of fear
 K - 4 scrolls of fog
 L - 3 scrolls of amnesia
 M - 2 scrolls of identify
Jewellery
 a - an uncursed ring of poison resistance
 b - a +5 ring of protection (right hand)
 n - an uncursed ring of positive energy
 o - an uncursed ring of sustain abilities
 r - the amulet "Frujy" (around neck) {+Rage rC++ Acc-1}
   (You took it off a deep elf sorcerer on level 3 of the Elven Halls)

   [amulet of rage]

   It affects your accuracy with ranged weapons and melee attacks (-1).
   It greatly protects you from cold.
   It lets you go berserk.
 x - an uncursed ring of protection from cold
 C - the ring "Ylaix" {+cTele Dex+2}
   (You took it off a deep elf master archer on level 3 of the Elven Halls)

   [ring of teleport control]

   It can be evoked for teleport control.
   It affects your dexterity (+2).
 H - a ring of protection from fire (left hand)
 Q - an uncursed ring of see invisible
 V - a +2,+2 ring of slaying
Potions
 l - a potion of restore abilities
 p - 7 potions of heal wounds
 q - a potion of resistance
 s - 2 potions of haste
 v - 3 potions of berserk rage
 E - 2 potions of brilliance
 F - 4 potions of might
 Y - 3 potions of curing
Books
 A - a book of the Warp

   Spells                             Type                      Level
   Control Teleport                   Charms/Translocation         4
   Phase Shift                        Translocation                5
   Warp Weapon                        Charms/Translocation         5
   Dispersal                          Translocation                6
   Controlled Blink                   Translocation                7
   Disjunction                        Translocation                8
Miscellaneous
 m - a phial of floods


   Skills:
 - Level 8.0 Fighting
 - Level 14.0 Short Blades
 - Level 14.0 Throwing
 - Level 13.5 Dodging
 + Level 17.5 Stealth
 - Level 7.0 Shields
 - Level 3.1 Spellcasting
 - Level 10.1 Hexes
 - Level 1.6 Charms
 - Level 3.1 Translocations
 - Level 1.6 Transmutations
 - Level 1.0 Air Magic
 - Level 1.0 Earth Magic
 - Level 9.0 Evocations


You had 3 spell levels left.
You knew the following spells:

 Your Spells              Type           Power        Failure   Level  Hunger
a - Repel Missiles        Chrm/Air       ##....       12%         2    ##.....
b - Blink                 Tloc           N/A          6%          2    ##.....
c - Apportation           Tloc           ####......   3%          1    None
d - Enslavement           Hex            ######..     1%          4    ####...
e - Dazzling Spray        Conj/Hex       #####...     6%          3    ###....
f - Confuse               Hex            ######..     1%          3    ###....
g - Summon Butterflies    Summ           #.......     14%         1    None
v - Passwall              Trmt/Erth      ##........   21%         3    ###....
w - Magic Dart            Conj           #...         14%         1    None


Dungeon Overview and Level Annotations

Branches:
Dungeon (15/15)            Temple (1/1) D:5             Orc (4/4) D:10
    Elf (3/3) Orc:4          Lair (0/8) D:11         Vaults (0/5) D:13
 Depths (1/5) D:15

Altars:
Ashenzari
Dithmenos
Elyvilon
Fedhas
Gozag
Kikubaaqudgha
Makhleb
Nemelex Xobeh
Qazlal
Sif Muna
Trog
Vehumet
Xom
Yredelemnul
The Shining One

Shops:
D:4 }   D:13 (*!:   D:14 *   Orc:2 [   Orc:4 [*(%=   Elf:2 *   Depths:1 %

Portals:
Hell: Depths:1


Innate Abilities, Weirdness & Mutations

You are small and have problems with some larger weapons.
You are somewhat resistant to further mutation.
You are partially covered in iridescent scales (AC +4).
You are partially covered in slimy green scales (AC +2).
You are agile. (Dex +2)
Armour fits poorly on your strangely shaped body.
You are robust (+10% HP).


Message History

Unknown command.
Casting: Blink
Confirm with . or Enter, or press ? or * to list all spells.
You feel a surge of power!
You blink.
The great orb of eyes gazes at you.
You suddenly lose the ability to move!
The frost giant hits you with a battleaxe of freezing!!
You emit a cloud of dark smoke.
The frost giant freezes you.
* * * LOW HITPOINT WARNING * * *
The tengu reaver hits you but does no damage.
The spriggan air mage waves its arms in wide circles.
The air twists around and violently strikes you in flight!
The deep troll earth mage bites you but does no damage.
The deep troll earth mage claws you!
* * * LOW HITPOINT WARNING * * *
The deep troll earth mage claws you.
* * * LOW HITPOINT WARNING * * *
The yaktaur captain shoots a bolt.
The bolt hits you but does no damage.
The frost giant hits you with a battleaxe of freezing!!
You die...

§≈≈.##.#.# #.# #.##.##...#.#'
.......#.# #.##.###.##)##...#.+.
##..####.# #....§...........####
#.## ##.#####.#.#.####..........
#.####''''''ie'u. # ####.......
#.....'++++C'GYT## #####.##
######' +++'Cc*Q## #.# +...GcCT§#
#.# +.$.%§§@§#### #.# ####
+.?.)'§§§...# #.# ...#
+....'§§###.# #.# ##.# +++''++'#
#.# #####.## #.# +++
+'###)#####.......
##.####''''''''''##...[........##
...#..........#.###..#####.##...#
.###.#.....#.##)# #.∩# #.#.....
.###.#.....#.##.###..# #.##....


You could see a frost giant, a stone giant, a tengu reaver, 2 yaktaur captains,
an elephant, a deep elf annihilator, 2 great orbs of eyes, a green very ugly
thing, an ettin, a spriggan air mage and 2 deep troll earth magi.

Vanquished Creatures
  Asterion (Elf:3)
  A deep elf blademaster (Elf:3)
  A deep elf master archer (Elf:3)
  2 tentacled starspawn (Abyss:1)
  A frost giant (Depths:1)
  11 deep elf sorcerers
  An orc warlord (Orc:4)
  The ghost of Somebody the Thanatomancer, a powerful DENe of Kikubaaqudgha (Elf:1)
  7 deep elf demonologists (Elf:3)
  6 rakshasas
  8 deep elf annihilators
  A dire elephant (Depths:1)
  2 minotaurs (Depths:1)
  A fire dragon (Depths:1)
  10 deep elf death magi
  An ettin (Depths:1)
  Fannar (D:12)
  4 deep elf high priests
  An anaconda (shapeshifter) (Abyss:1)
  An ice dragon (Depths:1)
  Nessos (Orc:4)
  2 hydras
  A deep troll shaman (Depths:1)
  2 dancing weapons (D:13)
  A deep troll earth mage (Depths:1)
  3 tengu warriors
  2 ogre magi (Depths:1)
  2 orc high priests (Orc:4)
  A spectral elf (Elf:3)
  4 hell hogs (Abyss:1)
  4 very ugly things
  3 centaur warriors
  Erolcha (D:10)
  A wretched star (Abyss:1)
  2 iron trolls (Depths:1)
  15 deep elf knights
  5 deep trolls (Depths:1)
  A large abomination (Abyss:1)
  2 unseen horrors
  2 shadow demons (Abyss:1)
  11 deep elf conjurers
  A tengu zombie (Depths:1)
  A lindwurm (shapeshifter) (Abyss:4)
  8 deep elf summoners
  Joseph (D:11)
  4 hill giants
  A manticore (D:12)
  A griffon (D:14)
  2 necromancers
  6 orc sorcerers
  10 orc knights
  3 cyclopes (D:15)
  A salamander (shapeshifter) (D:14)
  A sixfirhy (Elf:3)
  A manticore (shapeshifter) (D:15)
  A smoke demon (Abyss:1)
  A frost giant skeleton (Depths:1)
  A spiny frog (shapeshifter) (Elf:1)
  A feature mimic (Elf:3)
  2 gargoyles
  6 ravens
  2 komodo dragons
  An elf (shapeshifter) (D:15)
  An item mimic (D:15)
  4 wandering mushrooms (D:8)
  A centaur zombie (D:14)
  2 efreet
  A yaktaur skeleton (Depths:1)
  An ancient zyme (Abyss:2)
  Grinder (D:6)
  A giant firefly (shapeshifter) (D:13)
  13 deep elf priests
  A kobold demonologist (Abyss:2)
  Sonja (D:10)
  A raiju (Abyss:2)
  10 trolls
  2 two-headed ogres (Depths:1)
  6 slime creatures
  A stone giant simulacrum (Depths:1)
  A shadow (D:13)
  A blink frog (shapeshifter) (Elf:1)
  An ice dragon zombie (Depths:1)
  Prince Ribbit (D:5)
  2 wyverns
  A redback (Elf:1)
  27 deep elf magi
  22 ugly things
  3 hungry ghosts
  15 yaks
  A wraith (D:12)
  A spriggan (shapeshifter) (Abyss:1)
  A hill giant zombie (D:14)
  A fire bat (Abyss:4)
  2 neqoxecs
  23 deep elf fighters
  A human (shapeshifter) (D:15)
  5 vampire mosquitoes (D:15)
  3 hippogriffs
  3 chaos spawn
  A centaur simulacrum (D:15)
  A steam dragon (D:10)
  A mottled dragon (D:11)
  A soldier ant (shapeshifter) (D:15)
  An ogre skeleton (D:15)
  5 small abominations
  Edmund (D:6)
  A spiny frog skeleton (Abyss:2)
  A yellow wasp (D:15)
  An ogre (shapeshifter) (Abyss:1)
  16 ogres
  A manticore zombie (D:11)
  42 orc warriors
  A black bear (D:11)
  6 boggarts
  A boring beetle (shapeshifter) (D:15)
  A crocodile (D:12)
  2 ice beasts
  11 centaurs
  6 sky beasts
  2 lost souls (Elf:3)
  A gnoll sergeant (D:9)
  7 giant frogs
  Sigmund (D:5)
  A wyvern skeleton (D:13)
  A komodo dragon skeleton (D:11)
  2 oklob saplings (D:8)
  3 scorpions
  14 killer bees
  A troll zombie (D:14)
  2 cyclops skeletons
  9 wights
  A troll skeleton (D:14)
  7 crimson imps
  A soldier ant zombie (D:12)
  An iron imp (Depths:1)
  6 wargs
  4 iguanas
  6 hounds
  11 worker ants
  3 orange rats
  10 orc priests
  6 big kobolds
  An eye of draining (D:9)
  4 sheep (D:15)
  21 orc wizards
  Natasha (thrice) (D:6)
  A hound zombie (D:5)
  6 goliath beetles
  A hound skeleton (D:9)
  6 jellies
  An orange rat zombie (D:9)
  2 mummies
  A worker ant zombie (D:7)
  14 adders
  24 gnolls
  An orc skeleton (D:5)
  3 shadow imps
  2 giant mites
  A white imp (Abyss:2)
  An adder skeleton (D:8)
  A giant eyeball (Abyss:1)
  3 worms
  3 oozes
  208 orcs
  3 ball pythons
  21 bats
  A bat skeleton (D:7)
  A bat zombie (D:6)
  5 giant cockroaches
  12 green rats (D:9)
  35 hobgoblins
  5 jackals
  30 kobolds
  6 quokkas
  10 giant geckos
  3 giant newts
  A gnoll zombie (D:9)
  48 goblins
  5 green rat zombies (D:9)
  A hobgoblin skeleton (D:4)
  A jackal skeleton (D:4)
  72 rats
  2 rat skeletons (D:9)
  7 rat zombies
  3 ballistomycetes
  A butterfly (Elf:3)
  A fungus (D:1)
1129 creatures vanquished.

Vanquished Creatures (collateral kills)
  An orc high priest (Orc:4)
  An orc sorcerer (D:15)
  A feature mimic (Orc:4)
  A fire bat (Abyss:4)
  5 orc warriors
  2 orc priests (D:10)
  An orc wizard (D:15)
  An ufetubus (Abyss:1)
  3 orcs
  A goblin (Orc:2)
  4 kobolds (D:11)
  A giant spore (D:8)
22 creatures vanquished.

Vanquished Creatures (others)
  An ogre (D:15)
  A phantom (D:8)
  An orc priest (D:6)
  An orc wizard (D:6)
  3 orcs
  A giant spore (D:6)
  37 butterflies
  A fungus (Elf:1)
  26 starspawn tentacles
  192 starspawn tentacle segments
264 creatures vanquished.

Grand Total: 1415 creatures vanquished

Notes
Turn   | Place    | Note
--------------------------------------------------------------
     0 | D:1      | Amnesiac, the Halfling Enchanter, began the quest for the Orb.
     0 | D:1      | Reached XP level 1. HP: 11/11 MP: 2/2
   237 | D:1      | Reached XP level 2. HP: 10/17 MP: 3/3
   240 | D:1      | Reached skill level 3 in Hexes
   535 | D:2      | Reached XP level 3. HP: 8/21 MP: 5/5
   657 | D:2      | Learned a level 3 spell: Dazzling Spray
  1415 | D:3      | Noticed a scorpion
  1424 | D:3      | Killed a scorpion
  1424 | D:3      | Reached skill level 4 in Short Blades
  1424 | D:3      | Reached XP level 4. HP: 27/27 MP: 6/6
  1445 | D:3      | Reached XP level 5. HP: 25/31 MP: 7/7
  1981 | D:4      | Reached skill level 5 in Short Blades
  2108 | D:5      | Entered Level 5 of the Dungeon
  2270 | D:5      | Found a staircase to the Ecumenical Temple.
  2276 | Temple   | Entered the Ecumenical Temple
  2335 | Temple   | Became a worshipper of Dithmenos the Shadowed
  2729 | D:1      | Reached skill level 6 in Short Blades
  2753 | D:1      | Reached XP level 6. HP: 36/36 MP: 9/9
  2758 | D:1      | Learned a level 3 spell: Confuse
  3871 | D:2      | Acquired Dithmenos' first power
  3878 | D:2      | Reached skill level 7 in Short Blades
  4265 | D:4      | Found Odiasoeff's Gadget Shop.
  4637 | D:5      | Reached skill level 8 in Short Blades
  4637 | D:5      | Reached XP level 7. HP: 41/41 MP: 10/10
  4763 | D:5      | Noticed Sigmund
  4824 | D:5      | Killed Sigmund
  4881 | D:5      | Found a shimmering altar of Xom.
  4882 | D:5      | Found an ancient bone altar of Kikubaaqudgha.
  4887 | D:5      | Found a bloodstained altar of Trog.
  4888 | D:5      | Found a stormy altar of Qazlal.
  4889 | D:5      | Found a burning altar of Makhleb.
  4890 | D:5      | Found a shattered altar of Ashenzari.
  5402 | D:6      | Reached skill level 9 in Short Blades
  5427 | D:6      | Noticed Prince Ribbit
  6242 | D:5      | Killed Prince Ribbit
  6242 | D:5      | Reached skill level 10 in Short Blades
  6242 | D:5      | Reached XP level 8. HP: 39/46 MP: 1/11
  6341 | D:6      | Noticed Natasha
  6342 | D:6      | Noticed Edmund
  6435 | D:6      | Noticed Grinder
  6436 | D:6      | Paralysed by Grinder for 3 turns
  6461 | D:6      | Killed Grinder
  6504 | D:6      | Reached skill level 5 in Stealth
  6589 | D:6      | Killed Natasha
  6783 | D:6      | Acquired Dithmenos' second power
  6820 | D:6      | Gained mutation: You are partially covered in slimy green scales (AC +2). [mutagenic meat]
  6849 | D:6      | Reached XP level 9. HP: 42/51 MP: 9/13
  6991 | D:6      | Noticed Natasha
  7014 | D:6      | Killed Natasha
  7207 | D:6      | Reached skill level 5 in Hexes
  7307 | D:6      | Noticed Natasha
  7310 | D:6      | Killed Natasha
  7377 | D:6      | Killed Edmund
  7478 | D:6      | Found a burning altar of Makhleb.
  7518 | D:6      | Learned a level 4 spell: Enslavement
  8000 | D:7      | Found a white marble altar of Elyvilon.
  8513 | D:8      | Reached skill level 5 in Dodging
  8628 | D:8      | Acquired Dithmenos' third power
  8655 | D:8      | Identified a cursed +0 rod of ignition (12/12) (You found it on level 8 of the Dungeon)
  8781 | D:8      | Found a radiant altar of Vehumet.
  8813 | D:8      | Found a blossoming altar of Fedhas.
  9226 | D:8      | Noticed a wandering mushroom
  9227 | D:8      | Killed a wandering mushroom
  9227 | D:8      | Reached XP level 10. HP: 56/56 MP: 14/14
  9245 | D:8      | Noticed a wandering mushroom
  9246 | D:8      | Killed a wandering mushroom
  9256 | D:8      | Found a blossoming altar of Fedhas.
  9256 | D:8      | Noticed a wandering mushroom
  9258 | D:8      | Noticed a wandering mushroom
  9596 | D:9      | Noticed a gargoyle
  9852 | D:9      | Acquired Dithmenos' fourth power
 10522 | D:9      | Identified the Compendium of the Mountains
 11250 | D:10     | Entered Level 10 of the Dungeon
 11285 | D:10     | Noticed Sonja
 11289 | D:10     | Killed Sonja
 11531 | D:10     | Found a staircase to the Orcish Mines.
 11850 | D:10     | Noticed Erolcha
 11852 | D:10     | Killed Erolcha
 11852 | D:10     | Reached XP level 11. HP: 61/61 MP: 10/15
 12823 | D:12     | Noticed a manticore
 12825 | D:12     | Killed a manticore
 12825 | D:12     | Reached skill level 10 in Hexes
 12926 | D:11     | Reached skill level 10 in Stealth
 13034 | D:11     | Gained mutation: You are agile. (Dex +2) [mutagenic meat]
 13154 | D:11     | Found a staircase to the Lair.
 13167 | D:11     | Found a flagged portal.
 13184 | Bailey   | Entered a bailey
 13541 | Bailey   | Noticed an orc knight
 13542 | Bailey   | Noticed an orc knight
 13568 | Bailey   | Killed an orc knight
 13799 | Bailey   | Noticed an orc knight
 13820 | Bailey   | Killed an orc knight
 14050 | Bailey   | Killed an orc knight
 14385 | D:11     | Reached skill level 11 in Stealth
 14634 | D:11     | Noticed Joseph
 14648 | D:11     | Killed Joseph
 14648 | D:11     | Reached skill level 12 in Stealth
 14648 | D:11     | Reached XP level 12. HP: 66/66 MP: 1/17
 14783 | D:11     | Noticed a hill giant
 14789 | D:11     | Killed a hill giant
 14940 | D:8      | Killed a gargoyle
 14985 | D:8      | Killed a wandering mushroom
 14989 | D:8      | Killed a wandering mushroom
 15241 | Orc:1    | Entered Level 1 of the Orcish Mines
 15837 | Orc:2    | Found a shimmering altar of Xom.
 16360 | D:10     | Killed an unseen horror
 16360 | D:10     | Reached skill level 13 in Stealth
 16653 | Orc:2    | Found Nuagh's Armour Shoppe.
 16662 | Orc:2    | Bought a +2 pair of boots of flying for 344 gold pieces
 16662 | Orc:2    | Bought a +2 cloak of darkness for 344 gold pieces
 16910 | Orc:4    | Entered Level 4 of the Orcish Mines
 16910 | Orc:4    | Found Ruukuuxt's Antique Weapon Shop.
 16910 | Orc:4    | Noticed an orc high priest
 16932 | Orc:3    | Reached skill level 1 in Evocations
 18307 | Orc:4    | Noticed a sun demon
 18447 | Orc:4    | Killed an orc high priest
 18447 | Orc:4    | Reached skill level 5 in Evocations
 18668 | Orc:4    | Bought a blowgun for 75 gold pieces
 18744 | Orc:4    | Found Fuinlamu's Antique Armour Shoppe.
 18744 | Orc:4    | Noticed an orc warlord
 18771 | Orc:4    | Noticed an orc high priest
 18775 | Orc:4    | Killed an orc high priest
 18781 | Orc:4    | Killed an orc warlord
 18798 | Orc:4    | Reached XP level 13. HP: 40/71 MP: 14/25
 18984 | Orc:4    | Found Roacw's General Store.
 19055 | Orc:4    | Bought a potion of heal wounds for 36 gold pieces
 19055 | Orc:4    | Bought a potion of curing for 24 gold pieces
 19055 | Orc:4    | Bought a scroll of amnesia for 42 gold pieces
 19055 | Orc:4    | Bought a book of Minor Magic for 240 gold pieces
 19060 | Orc:4    | Learned a level 2 spell: Blink
 19064 | Orc:4    | Learned a level 3 spell: Passwall
 19090 | Orc:4    | Noticed Nessos
 19174 | Orc:4    | Found a staircase to the Elven Halls.
 19178 | Orc:4    | Found Ibegoisk's Food Boutique.
 19179 | Orc:4    | Killed Nessos
 19179 | Orc:4    | Reached skill level 14 in Stealth
 19252 | Orc:4    | Found Ciafio's Jewellery Shoppe.
 19252 | Orc:4    | Noticed an orc high priest
 19264 | Orc:4    | Killed an orc high priest
 19551 | Orc:4    | Learned a level 2 spell: Repel Missiles
 20063 | Elf:1    | Entered Level 1 of the Elven Halls
 20066 | Elf:1    | Noticed a deep elf high priest
 20081 | Elf:1    | Killed a deep elf high priest
 20224 | Elf:1    | Noticed a deep elf high priest
 20226 | Elf:1    | Killed a deep elf high priest
 20297 | Elf:1    | Reached XP level 14. HP: 76/76 MP: 26/26
 20311 | Elf:1    | Learned a level 1 spell: Apportation
 20313 | Elf:1    | Learned a level 1 spell: Summon Butterflies
 20441 | Elf:1    | Noticed Somebody's ghost (powerful DENe)
 20467 | Elf:1    | Killed Somebody's ghost
 20645 | Elf:1    | Noticed a deep elf death mage
 20672 | Elf:1    | Killed a deep elf death mage
 20784 | Elf:1    | Noticed a deep elf sorcerer
 20803 | Elf:1    | Killed a deep elf sorcerer
 20978 | Elf:1    | Reached XP level 15. HP: 67/81 MP: 19/27
 21060 | Elf:1    | Reached skill level 5 in Throwing
 22237 | Elf:1    | Reached skill level 1 in Fighting
 22572 | Elf:2    | Learned a level 1 spell: Magic Dart
 22616 | Elf:2    | Found Cerarr's Assorted Antiques.
 22625 | Elf:2    | Bought a tubular peridot ring for 155 gold pieces
 22625 | Elf:2    | Bought a scroll of identify for 62 gold pieces
 22670 | Elf:2    | Gained mutation: You are robust (+10% HP). [potion of beneficial mutation]
 22933 | Elf:3    | Entered Level 3 of the Elven Halls
 23000 | Elf:3    | Identified the Guide on Enchanting Combat Magic
 23114 | Elf:3    | Noticed Asterion
 23127 | Elf:3    | Killed Asterion
 23303 | Elf:3    | Found a burning altar of Makhleb.
 23724 | Elf:3    | Noticed a deep elf sorcerer
 23724 | Elf:3    | Noticed a deep elf sorcerer
 23735 | Elf:3    | Reached skill level 5 in Shields
 23749 | Elf:3    | Cast into the Abyss (deep elf sorcerer)
 23867 | Abyss:1  | Noticed a tentacled starspawn
 23917 | Abyss:1  | Killed a tentacled starspawn
 23947 | Abyss:1  | Found a radiant altar of Vehumet.
 24019 | Abyss:1  | Noticed a tentacled starspawn
 24102 | Abyss:1  | Killed a tentacled starspawn
 24102 | Abyss:1  | Reached skill level 5 in Fighting
 24123 | Abyss:1  | Paralysed by a giant eyeball for 2 turns
 24440 | Abyss:1  | Reached XP level 16. HP: 87/111 MP: 5/28
 24461 | Abyss:1  | Noticed a tentacled starspawn
 24498 | Abyss:1  | Found a shimmering altar of Xom.
 24499 | Abyss:1  | Found a shimmering altar of Xom.
 24499 | Abyss:1  | Found a shimmering altar of Xom.
 24499 | Abyss:1  | Found a shimmering altar of Xom.
 24499 | Abyss:1  | Found a shimmering altar of Xom.
 24500 | Abyss:1  | Found a shimmering altar of Xom.
 24500 | Abyss:1  | Found a shimmering altar of Xom.
 24501 | Abyss:1  | Found a corrupted altar of Lugonu.
 24504 | Abyss:1  | Found a corrupted altar of Lugonu.
 24585 | Abyss:1  | Found a shimmering altar of Xom.
 24586 | Abyss:1  | Found a shimmering altar of Xom.
 24587 | Abyss:1  | Found a corrupted altar of Lugonu.
 24589 | Abyss:1  | Found a shimmering altar of Xom.
 24589 | Abyss:1  | Found a shimmering altar of Xom.
 24589 | Abyss:1  | Found a shimmering altar of Xom.
 24589 | Abyss:1  | Found a shimmering altar of Xom.
 24589 | Abyss:1  | Found a shimmering altar of Xom.
 24590 | Abyss:1  | Found a shimmering altar of Xom.
 24590 | Abyss:1  | Found a shimmering altar of Xom.
 24590 | Abyss:1  | Found a shimmering altar of Xom.
 24590 | Abyss:1  | Found a shimmering altar of Xom.
 24599 | Abyss:1  | Noticed a tentacled starspawn
 24601 | Abyss:2  | Found a corrupted altar of Lugonu.
 24791 | Abyss:2  | Reached skill level 1 in Translocations
 24861 | Abyss:2  | Got an ancient cutlass
 24913 | Abyss:2  | Gained mutation: Armour fits poorly on your strangely shaped body. [a neqoxec]
 24960 | Abyss:2  | Noticed a tentacled starspawn
 25024 | Abyss:2  | Noticed a tentacled monstrosity
 25149 | Abyss:2  | Found a corrupted altar of Lugonu.
 25408 | Abyss:2  | Found a corrupted altar of Lugonu.
 25409 | Abyss:2  | Noticed a tentacled starspawn
 25575 | Abyss:3  | Noticed a tentacled starspawn
 25676 | Abyss:4  | Got an abyssal rune of Zot
 25681 | Abyss:4  | Reached skill level 1 in Earth Magic
 25707 | Abyss:4  | Found a corrupted altar of Lugonu.
 25778 | Abyss:4  | Noticed a tentacled starspawn
 25798 | Abyss:5  | Entered Level 5 of the Abyss
 25830 | Elf:3    | Escaped the Abyss
 25832 | Elf:3    | Killed a deep elf sorcerer
 25832 | Elf:3    | Reached skill level 1 in Transmutations
 25852 | Elf:3    | Killed a deep elf sorcerer
 25852 | Elf:3    | Reached skill level 1 in Charms
 25852 | Elf:3    | Reached skill level 1 in Air Magic
 26036 | Elf:3    | Noticed a deep elf sorcerer
 26038 | Elf:3    | Identified the +6,+8 cutlass of the Orcish Mines {drain, -Cast +Rage +Fly rF+ rC++ SInv} (You found it on level 2 of the Abyss)
 26057 | Elf:3    | Killed a deep elf sorcerer
 26248 | Elf:3    | Noticed a deep elf sorcerer
 26251 | Elf:3    | Noticed a deep elf blademaster
 26264 | Elf:3    | Killed a deep elf sorcerer
 26264 | Elf:3    | Reached skill level 10 in Throwing
 26277 | Elf:3    | Noticed a deep elf sorcerer
 26305 | Elf:3    | Killed a deep elf sorcerer
 26446 | Elf:3    | Cast into the Abyss (deep elf demonologist)
 26447 | Abyss:1  | Noticed a tentacled starspawn
 26457 | Abyss:1  | Noticed a tentacled starspawn
 26469 | Abyss:1  | Noticed a bone dragon
 26485 | Elf:3    | Escaped the Abyss
 26542 | Elf:3    | Noticed a deep elf sorcerer
 26546 | Elf:3    | Killed a deep elf sorcerer
 26548 | Elf:3    | Got a scintillating platinum amulet
 26597 | Elf:3    | Noticed a deep elf sorcerer
 26635 | Elf:3    | Reached skill level 15 in Stealth
 26695 | Elf:3    | Got a wizard robe
 26701 | Elf:3    | Identified the cursed -5 robe of Death Resistance {Str+1} (You took it off a deep elf demonologist on level 3 of the Elven Halls)
 26730 | Elf:3    | Killed a deep elf sorcerer
 26733 | Elf:3    | Identified the amulet "Frujy" {+Rage rC++ Acc-1} (You took it off a deep elf sorcerer on level 3 of the Elven Halls)
 26765 | Elf:3    | Noticed a deep elf master archer
 26805 | Elf:3    | Killed a deep elf master archer
 26808 | Elf:3    | Got a glittering bronze ring
 26980 | Elf:3    | Killed a deep elf blademaster
 27060 | Elf:3    | Noticed a deep elf sorcerer
 27066 | Elf:3    | Cast into the Abyss (deep elf sorcerer)
 27071 | Abyss:1  | Noticed an Executioner
 27078 | Abyss:1  | Noticed a hellephant
 27101 | Abyss:1  | Identified the ring "Ylaix" {+cTele Dex+2} (You took it off a deep elf master archer on level 3 of the Elven Halls)
 27140 | Abyss:1  | Found a shattered altar of Ashenzari.
 27149 | Abyss:1  | Found a shattered altar of Ashenzari.
 27167 | Elf:3    | Escaped the Abyss
 27290 | Elf:3    | Noticed a deep elf sorcerer
 27314 | Elf:3    | Killed a deep elf sorcerer
 27319 | Elf:3    | Killed a deep elf sorcerer
 27375 | Elf:3    | Noticed a deep elf sorcerer
 27391 | Elf:3    | Killed a deep elf sorcerer
 27391 | Elf:3    | Reached XP level 17. HP: 74/118 MP: 29/29
 27411 | Elf:3    | Got a colourful robe
 27430 | Elf:3    | Identified the cursed -4 robe of Abraux {rPois SInv} (You took it off a deep elf fighter on level 3 of the Elven Halls)
 28981 | D:12     | Noticed Fannar
 28983 | D:12     | Killed Fannar
 29409 | D:13     | Found Bruwai's Distillery.
 29544 | D:13     | Found Wopitioj's Book Emporium.
 29722 | D:13     | Found Klaipn's Assorted Antiques.
 29767 | D:13     | Bought 2 potions of heal wounds for 192 gold pieces
 29767 | D:13     | Bought a scroll of blinking for 240 gold pieces
 29767 | D:13     | Bought a potion of curing for 64 gold pieces
 29768 | D:13     | Bought a potion of resistance for 224 gold pieces
 29769 | D:13     | Found Urghal's Weapon Emporium.
 29778 | D:13     | Found a gate to the Vaults.
 30702 | D:14     | Found Foedgho's General Store.
 30752 | D:14     | Bought a potion of curing for 32 gold pieces
 30752 | D:14     | Bought a scroll of fog for 32 gold pieces
 30752 | D:14     | Bought a scroll of teleportation for 48 gold pieces
 31270 | D:15     | Entered Level 15 of the Dungeon
 31646 | D:15     | Identified Vuecicex's Papyrus of Sinister Conjuration (You found it on level 15 of the Dungeon)
 32085 | D:15     | Gained mutation: You are partially covered in iridescent scales (AC +4). [mutagenic meat]
 32110 | D:15     | Found a staircase to the Depths.
 32356 | Depths:1 | Entered Level 1 of the Depths
 32379 | Depths:1 | Reached XP level 18. HP: 114/127 MP: 17/29
 32381 | Depths:1 | Reached skill level 16 in Stealth
 32572 | Depths:1 | Identified a +1 rod of ignition (13/13) (You took it off a minotaur on level 1 of the Depths)
 32927 | Depths:1 | Found a gateway to Hell.
 33102 | Depths:1 | Reached skill level 17 in Stealth
 33137 | Depths:1 | Found Tishruigu's Food Shoppe.
 33808 | Depths:1 | Paralysed by a great orb of eyes for 3 turns
 33809 | Depths:1 | Mangled by a frost giant

Action                   |  1- 3 |  4- 6 |  7- 9 | 10-12 | 13-15 | 16-18 || total
-------------------------+-------+-------+-------+-------+-------+-------++-------
Melee: Short sword       |    86 |   110 |       |       |       |       ||   196
       Dagger            |     1 |   214 |   489 |  1414 |   525 |   904 ||  3547
       Unarmed           |       |       |     8 |       |       |       ||     8
       Cutlass           |       |       |       |       |       |   212 ||   212
       Quick blade       |       |       |       |       |       |     1 ||     1
 Fire: Blowgun           |     1 |       |       |       |       |     2 ||     3
Throw: Dart              |       |       |       |     1 |       |       ||     1
       Throwing net      |       |       |       |       |       |    29 ||    29
 Cast: Dazzling Spray    |       |     6 |    29 |    79 |   102 |   133 ||   349
       Confuse           |       |       |     2 |    35 |       |     9 ||    46
       Enslavement       |       |       |     1 |    18 |    24 |    15 ||    58
       Repel Missiles    |       |       |       |       |     2 |     2 ||     4
       Blink             |       |       |       |       |     6 |    12 ||    18
       Magic Dart        |       |       |       |       |     2 |    27 ||    29
       Passwall          |       |       |       |       |     1 |    17 ||    18
       Summon Butterflie |       |       |       |       |     1 |    16 ||    17
       Apportation       |       |       |       |       |       |     7 ||     7
Invok: Shadow Step       |       |       |       |     6 |     4 |     6 ||    16
 Abil: Evoke Invisibilit |       |       |       |     2 |    12 |    20 ||    34
       Stop Flying       |       |       |       |     1 |       |       ||     1
       Evoke Flight      |       |       |       |     1 |       |       ||     1
       Turn Visible      |       |       |       |       |     7 |    12 ||    19
Evoke: Wand              |       |       |     1 |     6 |     5 |     5 ||    17
  Use: Scroll            |       |    13 |    10 |    17 |     9 |    17 ||    66
       Potion            |       |     4 |     2 |    10 |    15 |     7 ||    38
 Stab: Sleeping          |     2 |    14 |    23 |    50 |    27 |    94 ||   210
       Invisible         |       |     1 |    11 |    36 |    54 |    75 ||   177
       Confused          |       |       |     2 |    20 |       |     3 ||    25
       Distracted        |       |       |     2 |     8 |     3 |     8 ||    21
       Betrayed ally     |       |       |       |     1 |     1 |       ||     2
       Paralysed         |       |       |       |       |     6 |       ||     6
       Held in net/web   |       |       |       |       |       |    16 ||    16
